AoeStats
← ska_18

Black Forest

508208347Analyzed
3v3 RM · 10d ago on Sep 21, 2026· 45m 38s· 6 players
Game mode
Random Map
Map size
Normal (6 player)
Population
200
Speed
Normal
Resources
Standard
Victory
Conquest
Starting age
Dark Age
Ending age
Imperial Age
RankedLock teamsTeams togetherTeam positionsShared explorationLock speedFull tech treeHidden civsTurbo modeCheats
Victory
Defeat
🇨🇳 Jurchens · China
925
+14
🇦🇹 Saracens · Austria
918
+14
🇵🇱 Persians · Poland
843
+18
🇩🇪 Burmese · Germany
889
-16
🇨🇳 Japanese · China
886
-16
🇳🇱 Britons · Netherlands
855
-14
BillyBadBoy
10:33 Feudal Age
11:52 Double-Bit Axe
12:47 Loom
16:17 Castle Age
15:45 Horse Collar
17:10 Bow Saw
19:28 Wheelbarrow
18:39 Town Watch
20:20 Fletching
20:51 Heavy Plow
23:22 Hand Cart
26:04 Town Patrol
26:53 Crossbowman
27:32 Bodkin Arrow
27:37 Padded Archer Armor
29:57 Caravan
31:46 Yeomen
32:13 Leather Archer Armor
34:45 Imperial Age
33:33 Leather Archer Armor
34:07 Ballistics
36:32 Two-Man Saw
35:02 Elite Longbowman
35:46 Bracer
36:22 Conscription
37:12 Chemistry
38:35 Ring Archer Armor
38:59 Warwolf
39:17 Murder Holes
40:01 Scale Barding Armor
40:08 Forging
39:46 Arbalester
39:50 Elite Skirmisher
42:18 Iron Casting
42:04 Chain Barding Armor
44:09 Light Cavalry
44:49 Husbandry
Neuronians
0:26 Loom
13:23 Feudal Age
14:39 Wheelbarrow
13:53 Horse Collar
20:27 Castle Age
21:15 Heavy Plow
27:41 Hand Cart
29:36 Town Watch
31:15 Scale Mail Armor
32:38 Caravan
33:09 Gold Mining
35:57 Forging
35:38 Fletching
35:55 Scale Barding Armor
35:41 Arson
35:56 Squires
35:18 Man-at-Arms
35:44 Gambesons
35:19 Pikeman
40:19 Imperial Age
38:43 Iron Casting
39:31 Chain Barding Armor
39:26 Chain Mail Armor
39:07 Bodkin Arrow
38:55 Treadmill Crane
39:27 Masonry
39:33 Fortified Wall
39:19 Murder Holes
41:02 Long Swordsman
42:06 Conscription
41:48 Howdah
41:49 Manipur Cavalry
42:04 Guilds
42:59 Blast Furnace
42:29 Plate Mail Armor
42:35 Plate Barding Armor
42:01 Bracer
42:24 Ballistics
42:13 Husbandry
42:37 Bloodlines
43:11 Halberdier
43:11 Two-Handed Swordsman
43:36 Onager
45:46 Chemistry
45:16 Architecture
maRtin993♪
0:43 Loom
16:06 Feudal Age
18:38 Double-Bit Axe
21:27 Castle Age
21:23 Stone Mining
21:23 Gold Mining
22:22 Horse Collar
27:04 Wheelbarrow
27:35 Heavy Plow
28:51 Scale Mail Armor
29:47 Town Watch
30:14 Forging
31:40 Hand Cart
32:35 Town Patrol
34:00 Ballistics
38:03 Imperial Age
36:32 Caravan
37:26 Gold Shaft Mining
37:11 Bow Saw
38:09 Elite Samurai
40:15 Chemistry
39:44 Kataparuto
40:42 Hoardings
40:34 Murder Holes
40:50 Fortified Wall
40:52 Masonry
40:08 Capped Ram
42:28 Iron Casting
42:09 Chain Mail Armor
44:00 Onager
44:02 Heavy Scorpion
Crusher
0:27 Loom
16:56 Feudal Age
18:08 Wheelbarrow
17:15 Horse Collar
17:23 Double-Bit Axe
25:02 Castle Age
23:23 Gold Mining
23:26 Stone Mining
26:36 Bow Saw
26:27 Heavy Plow
31:42 Caravan
34:38 Imperial Age
33:20 Gold Shaft Mining
33:11 Hand Cart
33:06 Town Watch
34:02 Stone Shaft Mining
36:42 Two-Man Saw
36:16 Crop Rotation
37:19 Conscription
38:54 Chemistry
38:31 Elite War Elephant
ska_18
1:02 Loom
12:27 Feudal Age
17:44 Castle Age
15:59 Double-Bit Axe
16:41 Horse Collar
20:20 Wheelbarrow
19:31 Town Watch
23:30 Fervor
27:08 Hand Cart
26:38 Town Watch
26:45 Gold Mining
26:45 Stone Mining
27:37 Sanctity
27:09 Stone Mining
27:20 Heavy Plow
28:14 Gold Shaft Mining
27:56 Bow Saw
28:28 Caravan
29:02 Coinage
30:40 Murder Holes
33:21 Imperial Age
32:07 Forging
32:03 Scale Barding Armor
31:49 Fletching
32:10 Fortified Wall
33:12 Masonry
32:42 Treadmill Crane
33:39 Iron Casting
33:30 Treadmill Crane
35:06 Chemistry
34:34 Bodkin Arrow
35:00 Chain Barding Armor
34:42 Town Patrol
35:43 Two-Man Saw
35:05 Conscription
35:40 Banking
35:32 Bimaristan
35:50 Elite Mameluke
37:07 Hoardings
38:09 Plate Barding Armor
38:22 Bloodlines
38:12 Husbandry
37:33 Light Cavalry
39:14 Blast Furnace
43:11 Siege Engineers
43:27 Ballistics
变强先斩欲
0:33 Loom
9:58 Feudal Age
10:27 Double-Bit Axe
17:53 Castle Age
18:18 Gold Mining
29:10 Imperial Age
27:23 Gold Shaft Mining
27:02 Bow Saw
27:44 Wheelbarrow
27:34 Horse Collar
28:09 Caravan
29:09 Heavy Plow
29:40 Hand Cart
29:27 Stone Mining
30:59 Scale Barding Armor
31:05 Forging
32:50 Two-Man Saw
33:30 Coinage
33:10 Guilds
33:55 Crop Rotation
33:49 Chain Barding Armor
34:05 Iron Casting
33:52 Conscription
34:21 Elite Iron Pagoda
36:35 Banking
37:40 Chemistry
37:01 Ballistics
37:28 Plate Barding Armor
38:02 Blast Furnace
37:32 Bloodlines
37:24 Husbandry
Connection lost

Rejoining the realm…

Still unreachable

The connection could not be restored.

Session expired

The server has moved on; the page needs a fresh start.